 Dungeon Crawl Stone Soup version 0.28-a0-422-gd71735cc25 (webtiles) character file.

Game seed: 155753441285485705

4030 robertstho the Thaumaturge (level 10, -11/69 HPs)
             Began as a Djinni Fire Elementalist on Sept 8, 2021.
             Was an Initiate of Gozag.
             Mangled by a red devil (15 damage)
             ... summoned by a kobold demonologist
             ... in a bailey.
             The game lasted 00:12:52 (8783 turns).

robertstho the Thaumaturge (DjFE)                   Turns: 8783, Time: 00:12:53

Health: -11/69     AC:  6    Str: 13      XL:     10   Next: 48%
Gold:   239        EV: 12    Int: 18 (20) God:    Gozag SH:  6 Dex: 14

rFire   + + .      SeeInvis .   z - +0 falchion (elec)
rCold   x . .      Faith    .   u - +3 warlock's mirror {reflect}
rNeg    . . .      Spirit   .   a - +0 robe
rPois   ∞          Reflect  +   d - +2 hat
rElec   .          Harm     .   t - +0 cloak
rCorr   .          Rampage  .   b - +0 pair of gloves
Will    +....                   (boots unavailable)
Stlth   ++........              (no amulet)
HPRegen 0.21/turn               f - +6 ring of strength
MPRegen 0.00/turn               (no ring)

@: spiked, gold aura, flying, studying Maces & Flails
A: sickness immunity, fire resistance 2, cold vulnerability 1, float, innate
caster, hp casting, extra vitality 1
a: Renounce Religion, Potion Petition, Call Merchant, Bribe Branch


You were in a bailey.
You worshipped Gozag.
Gozag was aware of your devotion.
You visited 2 branches of the dungeon, and saw 9 of its levels.
You also visited: Bailey.

You collected 317 gold pieces.
You paid 78 gold pieces to Gozag.

Inventory:

Hand Weapons
 w - a +1 dagger of venom
 z - a +0 falchion of electrocution (weapon)
Armour
 a - a +0 robe (worn)
 b - a +0 pair of gloves (worn)
 d - a +2 hat (worn)
 t - a +0 cloak (worn)
 u - the +3 warlock's mirror (worn) {reflect}
   (You found it on level 4 of the Dungeon)

   It can block and reflect piercing ranged attacks and magical attacks against
   the wielder's willpower.
Jewellery
 f - a +6 ring of strength (left hand)
Wands
 j - a wand of acid (9)
 y - a wand of mindburst (29)
Scrolls
 c - 4 scrolls of teleportation
 i - 2 scrolls of enchant weapon {unknown}
 k - a scroll of noise {unknown}
 l - a scroll of blinking {unknown}
 m - 2 scrolls of fog
 p - 2 scrolls of acquirement {unknown}
 x - a scroll of holy word
 A - a scroll of torment {unknown}
 B - a scroll of enchant armour
Potions
 e - 2 potions of lignification
 g - 2 potions of resistance
 n - 2 potions of heal wounds {unknown}
 o - a potion of cancellation {unknown}
 q - 2 potions of mutation {unknown}
 r - 3 potions of berserk rage {unknown}
 s - a potion of flight {unknown}
 v - 3 potions of curing


   Skills:
 * Level 4.9 Fighting
 + Level 2.8 Dodging
 + Level 2.9 Stealth
 + Level 0.5 Shields
 * Level 10.4 Spellcasting


You had 7 spell levels left.
You knew the following spells:

 Your Spells              Type           Power      Damage    Failure   Level
a - Foxfire               Conj/Fire      100%       2x1d9     1%          1
b - Scorch                Fire           92%        2d10      1%          2
c - Conjure Flame         Conj/Fire      46%        6-21      1%          3
d - Inner Flame           Hex/Fire       46%        N/A       1%          3
e - Flame Wave            Conj/Fire      46%        3d9       1%          4
f - Pain                  Necr           100%       1d9       1%          1
g - Static Discharge      Conj/Air       46%        N/A       1%          2
h - Slow                  Hex            46%        N/A       1%          2
i - Fulminant Prism       Conj/Hex       23%        3d13      1%          4
Your spell library was empty.

Dungeon Overview and Level Annotations

Branches:
Dungeon (8/15)             Temple (1/1) D:7          Bailey (1/1)
   Lair: D:8-11

Altars:
Cheibriados
Gozag
Kikubaaqudgha
Nemelex Xobeh
Okawaru
Qazlal
Ru
Vehumet


Innate Abilities, Weirdness & Mutations

You are immune to sickness and miasma.
You are immune to poison.
Your flesh is very heat resistant. (rF++)
You are vulnerable to cold. (rC-)
You float through the air rather than walking.
You learn spells naturally, not from books.
Your magical power is your life essence.
You have superior vitality. (+4 HP)


Message History

The neqoxec is engulfed in a cloud of scalding steam.
The orc high priest is engulfed in a cloud of scalding steam.
The orc high priest closely misses you.
The red devil hits you with a +0 trident!!
* * * LOW HITPOINT WARNING * * *
Barbed spikes become lodged in your body.
An orc warrior comes into view. It is wielding a +0 battleaxe.
You hear a shout!
A wave of flame ripples out!
The flame wave engulfs the orc high priest!
The orc high priest is severely wounded.
The flame wave engulfs the red devil.
The red devil completely resists.
The flame wave engulfs the kobold demonologist!
The kobold demonologist is heavily wounded.
The flame wave engulfs the neqoxec.
The neqoxec is severely wounded.
The flame wave engulfs the orc!
You kill the orc!
* * * LOW HITPOINT WARNING * * *
The neqoxec is engulfed in a cloud of scalding steam.
You kill the neqoxec!
The neqoxec disappears in a puff of smoke!
The orc high priest hits you with a +0 war axe.
* * * LOW HITPOINT WARNING * * *
The kobold demonologist is engulfed in a cloud of scalding steam.
The kobold demonologist hits you but does no damage.
The red devil hits you with a +0 trident!
* * * LOW HITPOINT WARNING * * *
Barbed spikes become lodged in your body.
You need at least 400 gold to purchase potions right now!
You feel better.
The orc high priest is engulfed in a cloud of scalding steam.
The orc high priest hits you with a +0 war axe.
* * * LOW HITPOINT WARNING * * *
The kobold demonologist is engulfed in a cloud of scalding steam.
The kobold demonologist closely misses you.
A goblin comes into view. It is wielding a +0 hand axe.
The red devil hits you with a +0 trident!
You die...
Your body crumbles into a pile of gold.

#'#≈≈≈≈≈≈≈≈#
#o≈≈≈≈≈≈≈≈≈#
#.≈≈≈≈≈≈≈≈≈#
#.≈≈≈≈≈≈≈≈≈#
#53≈≈≈≈≈≈≈≈# #
#.≈≈§≈≈≈≈≈≈#
....#g##.§§§§≈≈≈≈≈#
..$$..o'.o§§§≈≈≈≈≈#
....K8.#$K@§§≈≈≈≈≈#
.......#.4§§§≈≈≈≈≈#
####.8.#.§§§§≈≈≈≈≈#
.....#§≈≈≈≈≈≈≈≈≈#
#...8.#)≈≈≈≈≈≈≈≈≈#
#.....#.≈≈≈≈≈≈≈≈≈#
#..####)#≈≈≈≈≈≈≈≈#
#....#≈≈≈≈≈≈≈≈#
#....#≈≈≈≈≈≈≈≈#


You could see an orc high priest, a kobold demonologist, a red devil (summoned),
an orc warrior and a goblin.

Vanquished Creatures
  A two-headed ogre (D:7)
  Sigmund (D:2)
  Eustachio (D:5)
  A steam dragon (D:6)
  Edmund (D:4)
  Menkaure (D:4)
  Duvessa (D:6)
  A sky beast (D:7)
  2 orc warriors
  A black bear (D:3)
  2 necrophages (D:6)
  3 ogres
  4 phantoms
  Blork the orc (D:4)
  A bullfrog (D:6)
  3 scorpions
  Dowan (D:6)
  3 wights (D:6)
  3 howler monkeys (D:7)
  A bullfrog zombie (D:5)
  2 jellies (D:4)
  A bullfrog skeleton (D:6)
  A centaur skeleton (D:5)
  4 orc priests (D:3)
  A gnoll shaman (D:5)
  A hound (D:4)
  Ijyb (D:5)
  A scorpion zombie (D:5)
  Natasha (thrice) (D:4)
  5 iguanas
  3 orc wizards
  6 gnolls
  8 adders
  A shadow imp (D:7)
  2 adder skeletons (D:4)
  A worm (D:4)
  2 dart slugs
  12 orcs
  7 ball pythons
  10 endoplasms
  5 giant cockroaches
  9 hobgoblins
  2 jackals (D:1)
  4 quokkas
  5 bats
  2 frilled lizards (D:1)
  8 goblins
  6 kobolds
  5 rats
  A butterfly (D:7)
152 creatures vanquished.

Vanquished Creatures (others)
  781 foxfires
781 creatures vanquished.

Grand Total: 933 creatures vanquished

Notes
Turn   | Place    | Note
-------+----------+-------------------------------------------
     0 | D:1      | robertstho the Djinni Fire Elementalist began the quest for
                  | the Orb.
     0 | D:1      | Reached XP level 1. HP: 15/15 MP: 0/0
   277 | D:1      | Reached XP level 2. HP: 16/22 MP: 0/0
   567 | D:1      | Reached XP level 3. HP: 14/26 MP: 0/0
   567 | D:1      | Learned a level 1 spell: Pain
   568 | D:1      | Reached skill level 3 in Spellcasting
   874 | D:1      | Found a faded altar of an unknown god.
  1764 | D:2      | Reached skill level 1 in Fighting
  1764 | D:2      | Reached XP level 4. HP: 30/32 MP: 0/0
  1913 | D:2      | Noticed Sigmund
  1933 | D:2      | Killed Sigmund
  1934 | D:2      | Reached skill level 4 in Spellcasting
  1934 | D:2      | Reached XP level 5. HP: 16/37 MP: 0/0
  1934 | D:2      | Learned a level 2 spell: Static Discharge
  1934 | D:2      | Reached XP level 6. HP: 19/42 MP: 0/0
  2900 | D:3      | Noticed an ogre
  2905 | D:3      | Killed an ogre
  2906 | D:3      | Reached skill level 5 in Spellcasting
  3082 | D:3      | Noticed a black bear
  3093 | D:3      | Killed a black bear
  3094 | D:3      | Reached XP level 7. HP: 39/49 MP: 0/0
  3094 | D:3      | Learned a level 2 spell: Slow
  4101 | D:4      | Noticed Natasha
  4106 | D:4      | Killed Natasha
  4107 | D:4      | Noticed Natasha
  4109 | D:4      | Killed Natasha
  4156 | D:4      | Found the +3 warlock's mirror {reflect}
  4178 | D:4      | Reached skill level 6 in Spellcasting
  4217 | D:4      | Noticed Natasha
  4220 | D:4      | Killed Natasha
  4252 | D:4      | Reached XP level 8. HP: 46/55 MP: 0/0
  4358 | D:4      | Noticed Blork the orc
  4361 | D:4      | Killed Blork the orc
  4499 | D:4      | Noticed Edmund
  4506 | D:4      | Killed Edmund
  4507 | D:4      | Reached skill level 7 in Spellcasting
  4851 | D:4      | Noticed Menkaure
  4857 | D:4      | Killed Menkaure
  5323 | D:5      | Entered Level 5 of the Dungeon
  5431 | D:5      | Reached XP level 9. HP: 56/61 MP: 0/0
  5431 | D:5      | Learned a level 4 spell: Fulminant Prism
  5581 | D:5      | Reached skill level 8 in Spellcasting
  5582 | D:5      | Noticed Ijyb
  5591 | D:5      | Killed Ijyb
  5694 | D:5      | Noticed Eustachio
  5702 | D:5      | Killed Eustachio
  6076 | D:5      | Found a sparkling altar of Nemelex Xobeh.
  6369 | D:6      | Noticed Duvessa
  6378 | D:6      | Noticed Dowan
  6381 | D:6      | Killed Duvessa
  6383 | D:6      | Killed Dowan
  6573 | D:6      | Reached skill level 9 in Spellcasting
  7108 | D:6      | Reached XP level 10. HP: 65/68 MP: 0/0
  8086 | D:7      | Found a stormy altar of Qazlal.
  8112 | D:7      | Noticed a two-headed ogre
  8120 | D:7      | Killed a two-headed ogre
  8121 | D:7      | Reached skill level 10 in Spellcasting
  8215 | D:7      | Found a staircase to the Ecumenical Temple.
  8273 | Temple   | Entered the Ecumenical Temple
  8279 | Temple   | Became a worshipper of Gozag Ym Sagoz the Greedy
  8614 | D:8      | Found a flagged portal.
  8621 | Bailey   | Entered a bailey
  8760 | Bailey   | Noticed an orc high priest
  8763 | Bailey   | Noticed a kobold demonologist
  8767 | Bailey   | Noticed a sixfirhy
  8782 | Bailey   | HP: 1/69 [red devil[a kobold demonologist] (12)]
  8783 | Bailey   | Mangled by a red devil

Illustrated notes

Levels and vault maps discovered:
D:1:      saegor_arrival_simple_c, layout_rooms,
          hellmonk_ecumenical_altar_lost_god
D:2:      layout_basic, uniq_sigmund
D:3:      layout_basic
D:4:      layout_gridville, dk_vineyard_3, uniq_menkaure, uniq_natasha,
          uniq_blork_the_orc, uniq_edmund
D:5:      layout_cave_pools, mainiacjoe_overflow_tiny_flanked, uniq_eustachio,
          uniq_ijyb
D:6:      layout_basic, uniq_duvessa
D:7:      layout_basic, chequers_temple_overflow_statue_of_worship,
          minmay_temple_entry_butterflies
D:8:      layout_basic, enter_bailey_2
Temple:   eino_temple_rhombus
Bailey:   bailey_axe_of_yendor_kennysheep, bailey

Skill      XL: |  1  2  3  4  5  6  7  8  9 10 |
---------------+-------------------------------+-----
Spellcasting   | 3 4 5 6 7 9 10 | 10.4
Fighting       | 1 2 3 4 |  4.9
Stealth        | 2 |  2.9
Dodging        | |  2.8
Shields        | |  0.5

Action                   |  1- 3 |  4- 6 |  7- 9 | 10-12 || total
-------------------------+-------+-------+-------+-------++-------
Melee: Scythe            |       |     2 |       |       ||     2
       Falchion          |       |       |       |     4 ||     4
 Cast: Foxfire           |    82 |    57 |   256 |    60 ||   455
       Scorch            |       |     4 |    21 |       ||    25
       Flame Wave        |       |       |     8 |     6 ||    14
  Use: Potion            |       |     1 |       |     1 ||     2
       Scroll            |       |       |     5 |     2 ||     7
Armor: Skin              |       |     5 |       |       ||     5
       Robe              |       |       |     8 |     2 ||    10
Dodge: Dodged            |     4 |     8 |    11 |     6 ||    29
Block: Buckler           |       |       |     7 |     2 ||     9
       Reflection        |       |       |     2 |       ||     2

Table legend: (Time is in decaauts)
 A = Elapsed time spent in this place.
 B = Non-inter-level travel time spent in this place.
 C = Inter-level travel time spent in this place.
 D = Time resting spent in this place.
 E = Time spent auto-exploring this place.
 F = Levels seen in this place.
 G = Mean time per level.
                   A        B        C        D        E       F      G
               +--------+--------+--------+--------+--------+-----+--------+
         Total |   8783 |   8480 |    303 |    410 |   7037 |  10 |  878.3 |
       Dungeon |   8609 |   8313 |    296 |    410 |   6929 |   8 | 1076.1 |
        Temple |     12 |      6 |      6 |      0 |      0 |   1 |   12.0 |
        Bailey |    161 |    161 |      0 |      0 |    108 |   1 |  161.0 |
               +--------+--------+--------+--------+--------+-----+--------+

Top non-repeatable levels by time:
     D:4: 1441 daAuts
     D:6: 1404 daAuts
     D:2: 1359 daAuts
     D:1: 1351 daAuts
     D:3: 1266 daAuts
     D:5: 912 daAuts
     D:7: 867 daAuts
  Bailey: 161 daAuts
  Temple: 12 daAuts
     D:8: 6 daAuts
